 Dungeon Crawl Stone Soup version 0.27-a0-909-g0721f309d1 (webtiles) character file.

Game seed: 10304450480083567379

173586 Lenkkari the Peltast (level 18, -5/120 HPs)
             Began as a Gargoyle Fighter on Apr 7, 2021.
             Was the Champion of Okawaru.
             Slain by a wolf spider (11 damage)
             ... on level 4 of the Spider Nest on Apr 8, 2021.
             The game lasted 05:12:01 (30077 turns).

Lenkkari the Peltast (Gargoyle Fighter)            Turns: 30077, Time: 05:12:02

Health: -5/120     AC: 60    Str: 35    XL:     18   Next: 5%
Magic:  0/25       EV:  3    Int: 27    God:    Okawaru [******]
Gold:   3240       SH:  0    Dex: 16    Spells: 17/17 levels left

rFire    + . .     SeeInvis .   k - +10 demon trident "Ogrebane" {venom, Fragile Int+5}
rCold    + + .     Faith    .   e - +1 tower shield
rNeg     + . .     Spirit   +   n - +11 crystal plate armour of Ynneci {Contam Regen+ Int+2 Dex+7}
rPois    ∞         Reflect  .   N - +2 helmet
rElec    +         Harm     .   h - +2 cloak {Will+}
rCorr    .         Rampage  .   Q - +1 pair of gloves of the Blessed Realm {+Inv rC+ Str+4 Int+4}
Will     +++..                  O - +0 pair of boots of Integrity {Contam rF+ Int+6}
Stlth    ..........             S - amulet of Xuwire {Spirit Str+7}
HPRegen  1.30/turn              I - +4 ring of slaying
MPRegen  0.19/turn              w - ring of Booramit {rElec rPois rC+ Will+ Str-3}

@: flying, held
A: AC +13, big wings, negative energy resistance 1, electricity resistance,
torment resistance 1, unbreathing 1, petrification resistance
a: Renounce Religion, Evoke Invisibility, Heroism, Finesse


You were on level 4 of the Spider Nest.
You worshipped Okawaru.
Okawaru was exalted by your worship.
You visited 5 branches of the dungeon, and saw 28 of its levels.
You visited the Abyss 1 time.
You also visited: Ossuary, Gauntlet and Volcano.

You collected 4290 gold pieces.
You spent 1050 gold pieces at shops.

Inventory:

Hand Weapons
 k - the +10 demon trident "Ogrebane" (weapon) {venom, Fragile Int+5}
   (You acquired it on level 3 of the Dungeon)

   It poisons the flesh of those it strikes.
   It affects your intelligence (+5).
   It will be destroyed if unequipped.
Armour
 e - a +1 tower shield (worn)
 h - a +2 cloak of willpower (worn)
 n - the +11 crystal plate armour of Ynneci (worn) {Contam Regen+ Int+2 Dex+7}
   (You acquired it on level 3 of the Dungeon)

   It affects your intelligence (+2).
   It affects your dexterity (+7).
   It causes magical contamination when unequipped.
   It increases your rate of health regeneration.
 q - the +0 pair of gloves "Oduskix" {rCorr Int-3 Slay+3}
   (Okawaru gifted it to you on level 2 of the Orcish Mines)

   It affects your intelligence (-3).
   It affects your accuracy and damage with ranged weapons and melee attacks
   (+3).
   It protects you from acid and corrosion.
 N - a +2 helmet (worn)
 O - the +0 pair of boots of Integrity (worn) {Contam rF+ Int+6}
   (You found it on level 2 of the Lair of Beasts)

   It affects your intelligence (+6).
   It protects you from fire.
   It causes magical contamination when unequipped.
 Q - the +1 pair of gloves of the Blessed Realm (worn) {+Inv rC+ Str+4 Int+4}
   (Okawaru gifted it to you on level 3 of the Lair of Beasts)

   It affects your strength (+4).
   It affects your intelligence (+4).
   It protects you from cold.
   It lets you turn invisible.
 U - the +0 hat "Ceomeis" {rN+ Int+3}
   (You found it in a Gauntlet)

   It affects your intelligence (+3).
   It protects you from negative energy.
 W - the +1 pair of boots "Huleejuc" {rElec rC+}
   (Okawaru gifted it to you in a volcano)

   It protects you from cold.
   It insulates you from electricity.
 Y - the +1 pair of gloves of the Moon {rElec Will+ Stlth+}
   (Okawaru gifted it to you on level 6 of the Lair of Beasts)

   It insulates you from electricity.
   It increases your willpower.
   It makes you more stealthy.
Jewellery
 a - an amulet of regeneration
 f - a +6 ring of strength
 o - an amulet of the acrobat
 w - the ring of Booramit (right hand) {rElec rPois rC+ Will+ Str-3}
   (You bought it in a shop on level 2 of the Orcish Mines)

   [ring of poison resistance]

   It affects your strength (-3).
   It protects you from cold.
   It insulates you from electricity.
   It protects you from poison.
   It increases your willpower.
 D - a ring of wizardry
 E - a ring of resist corrosion
 I - a +4 ring of slaying (left hand)
 P - an amulet of reflection
 R - a ring of protection from fire
 S - the amulet of Xuwire (around neck) {Spirit Str+7}
   (You found it on level 3 of the Lair of Beasts)

   [amulet of guardian spirit]

   It causes incoming damage to be divided between your reserves of health and
   magic.
   It affects your strength (+7).
 V - a +4 ring of evasion
Wands
 c - a wand of random effects (10)
Scrolls
 b - 2 scrolls of fear
 d - a scroll of silence
 g - 4 scrolls of identify
 p - 15 scrolls of teleportation
 r - 2 scrolls of magic mapping
 y - 2 scrolls of torment
 z - 4 scrolls of blinking
 A - 5 scrolls of immolation
 B - a scroll of enchant weapon
 C - 6 scrolls of vulnerability
 F - 2 scrolls of brand weapon
 G - a scroll of summoning
 K - 3 scrolls of enchant armour
 T - 2 scrolls of amnesia
Potions
 i - 3 potions of attraction
 j - 7 potions of curing
 m - 3 potions of lignification
 s - 11 potions of ambrosia
 t - 8 potions of heal wounds
 u - 3 potions of might
 v - 2 potions of resistance
 H - 2 potions of mutation
 J - 3 potions of haste
 L - a potion of invisibility
 M - a potion of cancellation
 X - 2 potions of berserk rage
Miscellaneous
 l - a phantom mirror
 x - a phantom mirror
 Z - a condenser vane


   Skills:
 + Level 15.6 Fighting
 - Level 1.1 Short Blades
 - Level 5.4(11.6) Axes
 + Level 15.5(15.8) Polearms
 + Level 15.3 Armour
 - Level 0.6 Dodging
 - Level 0.2 Stealth
 + Level 15.8 Shields
 - Level 1.3 Conjurations
 - Level 1.2 Ice Magic
 - Level 0.9 Air Magic
 - Level 9.5 Invocations


You had 17 spell levels left.
You didn't know any spells.
Your spell library contained the following spells:

 Spells                   Type           Power      Damage    Failure   Level
 Magic Dart               Conj           28%        1d4       94%         1
 Animate Skeleton         Necr           0%         N/A       99%         1
 Apportation              Tloc           0%         N/A       99%         1
 Corona                   Hex            0%         N/A       99%         1
 Summon Small Mammal      Summ           0%         N/A       99%         1
 Blink                    Tloc           N/A        N/A       99%         2
 Call Imp                 Summ           0%         N/A       99%         2
 Poisonous Vapours        Pois/Air       4%         N/A       99%         2
 Slow                     Hex            0%         N/A       99%         2
 Conjure Flame            Conj/Fire      3%         6-21      100%        3
 Gell's Gravitas          Tloc           0%         N/A       100%        3
 Inner Flame              Hex/Fire       0%         N/A       100%        3
 Lesser Beckoning         Tloc           0%         N/A       100%        3
 Mephitic Cloud           Conj/Pois/Air  4%         N/A       100%        3
 Portal Projectile        Hex/Tloc       0%         N/A       100%        3
 Teleport Other           Tloc           0%         N/A       100%        3
 Cause Fear               Hex            0%         N/A       100%        4
 Ice Form                 Ice/Tmut       3%         N/A       100%        4
 Leda's Liquefaction      Hex/Erth       0%         N/A       100%        4
 Passage of Golubria      Tloc           N/A        N/A       100%        4
 Bolt of Magma            Conj/Fire/Erth 1%         4d4       100%        5
 Iskenderun's Battlesphe  Conj           7%         2d6       100%        5
 Manifold Assault         Tloc           0%         N/A       100%        5
 Metabolic Englaciation   Hex/Ice        1%         N/A       100%        5
 Dispersal                Tloc           0%         N/A       100%        6
 Freezing Cloud           Conj/Ice/Air   3%         6-21      100%        6
 Iron Shot                Conj/Erth      1%         9d1       100%        6
 Simulacrum               Ice/Necr       1%         N/A       100%        6
 Orb of Destruction       Conj           3%         9d1       100%        7
 Ozocubu's Refrigeration  Ice            3%         4d5       100%        7
 Spellforged Servitor     Conj/Summ      1%         N/A       100%        7
 Disjunction              Tloc           0%         N/A       100%        8


Dungeon Overview and Level Annotations

Branches:
Dungeon (15/15)            Temple (1/1) D:4            Lair (6/6) D:8
 Shoals (0/4) Lair:3       Spider (4/4) Lair:4        Slime (0/5) Lair:5
    Orc (2/2) D:11            Elf (0/3) Orc:2        Vaults (0/5) D:14
 Depths (0/5) D:15        Ossuary (visited)         Volcano (visited)
Gauntlet (visited)

Altars:
Ashenzari
Cheibriados
Dithmenos
Elyvilon
Fedhas
Gozag
Hepliaklqana
Kikubaaqudgha
Makhleb
Nemelex Xobeh
Okawaru
Qazlal
Ru
Sif Muna
Trog
Uskayaw
Vehumet
Wu Jian
Xom
Yredelemnul
Zin
The Shining One
Beogh
Lugonu

Shops:
D:8 [   Orc:2 =[?!

Annotations:
Spider:4 Roxanne


Innate Abilities, Weirdness & Mutations

Your stone body is resilient. (AC +13)
You are immune to poison.
Your large and strong wings let you fly.
You resist negative energy. (rN+)
You are resistant to electric shocks. (rElec)
You are resistant to unholy torment.
You can survive without breathing.
You are immune to petrification.


Message History

The moth of wrath goads the jumping spider on!
The jumping spider goes berserk!
The moth of wrath goads the wolf spider on!
The wolf spider goes berserk!
The redback bites you but does no damage.
The jumping spider pounces on you but does no damage.
The jumping spider closely misses you.
Reach: k) +10 demon trident "Ogrebane" {venom, Fragile Int+5}
Press: ? - help, Dir - move target, f/p - moth of wrath
Aim: a moth of wrath (almost dead, very poisoned, about 22% to evade the +10 demon trident "Ogrebane")
You reach to attack!
Your crystal plate armour of Ynneci prevents you from hitting the moth of wrath.
The moth of wrath is almost dead.
You block the wolf spider's attack. x2; The wolf spider barely misses you.
You block the wolf spider's attack.
The redback bites you but does no damage.
The jumping spider pounces on you!
You are caught in a web!
The jumping spider bites you but does no damage.
The wolf spider splashes around in the water.
The wolf spider bites you but does no damage.
The wolf spider hits you but does no damage.
The wolf spider bites you!
You feel you are being watched by something.
You feel much better. The redback bites you! The jumping spider pounces on you!
* * * LOW HITPOINT WARNING * * *
You are even more entangled.
The jumping spider bites you.
* * * LOW HITPOINT WARNING * * *
The wolf spider splashes around in the water.
The wolf spider bites you!
* * * LOW HITPOINT WARNING * * *
The wolf spider hits you!
* * * LOW HITPOINT WARNING * * *
The wolf spider bites you but does no damage.
The redback bites you but does no damage.
The jumping spider pounces on you but does no damage.
The jumping spider bites you.
* * * LOW HITPOINT WARNING * * *
The wolf spider hits you but does no damage.
The wolf spider bites you!
You die...

.....#..#.#........^.#^#.....^...
.#.#....#.......#...#<....^#.^#.#
..........#..................^^..
############.^........###########
# ###..†...### ##†...## ##†.##
#≈.s†# #s@#.# ##ss## #y.s.#
##.^## ^..≈ ##.)## ...^ .##.


You could see an emperor scorpion (berserk), 2 wolf spiders, a moth of wrath
(very poisoned), a jumping spider (berserk) and a redback (berserk, very
poisoned).

Vanquished Creatures
  Rupert (D:12)
  Frances (Spider:1)
  A tentacled starspawn (Abyss:3)
  A ghost moth (Spider:4)
  Louise (Spider:2)
  14 emperor scorpions
  Azrael (D:15)
  4 spark wasps
  4 entropy weavers
  A minotaur (Gauntlet)
  Snorg (Lair:4)
  2 ettins
  Josephine (Orc:1)
  A fire dragon (Lair:6)
  2 vault guards (D:14)
  9 hydras
  Fannar (Lair:1)
  5 boulder beetles
  Erolcha (Orc:2)
  An ogre mage (Volcano)
  A centaur warrior (D:14)
  6 two-headed ogres
  3 death yaks (Lair:5)
  3 tengu warriors
  5 orc high priests (Orc:2)
  2 thrashing horrors (Abyss:3)
  A hell knight (Volcano)
  Nergalle (D:11)
  2 deep trolls (D:15)
  An obsidian statue (Gauntlet)
  A wizard (D:15)
  2 lindwurms
  A necromancer (Lair:6)
  Pikel (D:5)
  4 deep elf pyromancers
  2 oklob plants (Lair:1)
  21 wolf spiders
  19 orb spiders
  6 orc knights (Orc:2)
  6 cyclopes
  An ugly thing (D:12)
  4 manticores
  Joseph (D:8)
  12 black mambas
  A smoke demon (Abyss:3)
  3 molten gargoyles
  4 elephants (Lair:6)
  An eye of devastation (Lair:5)
  A torpor snail (Lair:5)
  A gargoyle (Volcano)
  16 cane toads
  2 unseen horrors (D:12)
  2 efreet
  5 kobold demonologists
  13 demonic crawlers
  5 tengu conjurers
  14 komodo dragons
  3 rime drakes
  2 yaktaurs (shapeshifter)
  A queen bee (D:13)
  29 jumping spiders
  6 meliai (D:13)
  The ghost of sastreii the Magician, an amateur NaEE of Fedhas (D:4)
  4 trolls
  4 polar bears
  9 hornets
  Prince Ribbit (D:6)
  27 blink frogs
  3 dream sheep (Lair:5)
  Sigmund (D:2)
  66 redbacks
  A vampire (D:9)
  5 centaur simulacra
  9 humans (D:14)
  28 tarantellas
  8 wraiths
  9 wyverns
  47 yaks
  5 basilisks
  2 fire elementals (D:15)
  2 fire bats (Volcano)
  2 steam dragons
  A neqoxec (Abyss:3)
  4 vampire mosquitoes
  2 swamp worms (Lair:3)
  Edmund (D:5)
  An acid dragon (D:9)
  21 water moccasins
  A floating eye (Lair:5)
  10 hell hounds
  A meliai simulacrum (D:14)
  A hornet zombie (D:8)
  A sky beast (D:7)
  27 orc warriors
  A black bear (Lair:4)
  5 ogres
  A necrophage (D:6)
  15 wolves
  2 centaurs
  2 lemures (D:5)
  A small abomination (Abyss:3)
  3 kobold brigands
  11 bullfrogs
  4 scorpions
  A wyvern skeleton (D:5)
  A water moccasin skeleton (D:7)
  A hornet simulacrum (Gauntlet)
  26 killer bees
  13 wights
  3 electric eels (Spider:1)
  5 howler monkeys
  2 bullfrog zombies
  10 lava snakes
  Crazy Yiuf (D:5)
  A centaur skeleton (D:6)
  2 hounds (D:4)
  2 jellies (D:6)
  24 orc priests
  A gnoll shaman (D:5)
  An iron imp (Abyss:3)
  2 bullfrog skeletons
  2 iguanas
  11 orc wizards
  3 yak simulacra (Lair:6)
  A polar bear simulacrum (Lair:6)
  A wolf simulacrum (Lair:6)
  A killer bee zombie (D:5)
  8 mummies (Ossuary)
  2 hound skeletons
  8 gnolls (D:5)
  A howler monkey skeleton (D:4)
  6 adders
  A white imp (D:6)
  An adder skeleton (D:4)
  6 worms
  2 dart slugs
  51 orcs
  3 endoplasms
  8 giant cockroaches
  10 goblins
  6 hobgoblins
  3 jackals (D:1)
  4 quokkas
  7 ball pythons
  2 bats
  3 frilled lizards
  A hobgoblin zombie (Ossuary)
  19 kobolds
  4 kobold zombies (Ossuary)
  3 orc zombies (Ossuary)
  4 rats
  6 river rat simulacra (Lair:6)
902 creatures vanquished.

Vanquished Creatures (others)
  A wolf spider (Spider:1)
  A torpor snail (Spider:1)
  3 jumping spiders (Spider:1)
  2 redbacks
  A fire bat (Abyss:3)
  A human (D:14)
  37 fungi
  114 plants
  4 starspawn tentacles (Abyss:3)
  11 withered plants (D:1)
175 creatures vanquished.

Grand Total: 1077 creatures vanquished

Notes
Turn   | Place    | Note
-------+----------+-------------------------------------------
     0 | D:1      | Lenkkari the Gargoyle Fighter began the quest for the Orb.
     0 | D:1      | Reached XP level 1. HP: 14/14 MP: 1/1
   331 | D:1      | Reached XP level 2. HP: 17/20 MP: 2/2
  1038 | D:1      | Reached XP level 3. HP: 24/24 MP: 3/3
  1323 | D:1      | Found a faded altar of an unknown god.
  1736 | D:2      | Noticed Sigmund
  1756 | D:2      | Killed Sigmund
  1757 | D:2      | Reached XP level 4. HP: 3/30 MP: 4/4
  1757 | D:2      | Reached XP level 5. HP: 4/34 MP: 5/5
  2225 | D:2      | Reached XP level 6. HP: 38/39 MP: 6/6
  2289 | D:2      | Noticed a water moccasin
  2321 | D:2      | Killed a water moccasin
  2322 | D:2      | Reached skill level 5 in Axes
  3469 | D:3      | Identified 3 scrolls of acquirement
  3469 | D:3      | Acquired the +10 demon trident "Ogrebane" {venom, Fragile
                  | Int+5}
  3471 | D:3      | Acquired the +11 crystal plate armour of Ynneci {Contam
                  | Regen+ Int+2 Dex+7}
  3483 | D:3      | Acquired 733 gold pieces
  3556 | D:4      | Reached skill level 5 in Fighting
  3556 | D:4      | Reached XP level 7. HP: 44/44 MP: 7/7
  3568 | D:4      | Reached skill level 1 in Polearms
  3587 | D:4      | Found a sand-covered staircase.
  3598 | Ossuary  | Entered an ossuary
  3904 | D:4      | Found a glowing golden altar of the Shining One.
  4001 | D:4      | Found a staircase to the Ecumenical Temple.
  4029 | Temple   | Entered the Ecumenical Temple
  4235 | Temple   | Became a worshipper of Warmaster Okawaru
  4281 | D:4      | Found an ancient bone altar of Kikubaaqudgha.
  4357 | D:4      | Noticed sastreii's ghost (amateur NaEE)
  4364 | D:4      | Found a runed translucent door.
  4399 | D:4      | Reached XP level 8. HP: 50/50 MP: 8/8
  4666 | D:5      | Entered Level 5 of the Dungeon
  4824 | D:5      | Noticed Pikel
  4835 | D:5      | Killed Pikel
  4835 | D:5      | Reached * piety under Okawaru
  4836 | D:5      | Reached skill level 5 in Polearms
  5058 | D:5      | Noticed Edmund
  5068 | D:5      | Killed Edmund
  5069 | D:5      | Reached XP level 9. HP: 55/55 MP: 7/9
  5256 | D:5      | Found a runed translucent door.
  5257 | D:5      | Noticed Crazy Yiuf
  5262 | D:5      | Killed Crazy Yiuf
  5536 | D:4      | Killed sastreii's ghost
  5536 | D:4      | Reached ** piety under Okawaru
  5537 | D:4      | Reached skill level 5 in Shields
  5671 | D:6      | Noticed Prince Ribbit
  5680 | D:6      | Killed Prince Ribbit
  5808 | D:6      | Found a snail-covered altar of Cheibriados.
  6290 | D:6      | Found a shimmering blue altar of Sif Muna.
  6529 | D:7      | Reached skill level 5 in Armour
  6700 | D:7      | Noticed a hornet
  6709 | D:7      | Killed a hornet
  6709 | D:7      | Reached *** piety under Okawaru
  7117 | D:7      | Found a hazy altar of Hepliaklqana.
  7464 | D:8      | Noticed a two-headed ogre
  7476 | D:8      | Killed a two-headed ogre
  7477 | D:8      | Reached XP level 10. HP: 61/61 MP: 7/10
  7531 | D:8      | Found Pyenwisesk's Antique Armour Shop.
  7542 | D:8      | Bought a helmet for 126 gold pieces
  7567 | D:8      | Noticed Joseph
  7585 | D:8      | Killed Joseph
  8058 | D:8      | Found a staircase to the Lair.
  8188 | D:9      | Reached **** piety under Okawaru
  8439 | D:9      | Reached skill level 10 in Polearms
  8439 | D:9      | Reached skill level 1 in Invocations
  8966 | D:10     | Entered Level 10 of the Dungeon
  8994 | D:10     | Found a basalt altar of Yredelemnul.
  9083 | D:10     | Noticed a cyclops
  9108 | D:10     | Killed a cyclops
  9134 | D:10     | Noticed a manticore
  9145 | D:10     | Killed a manticore
  9146 | D:10     | Reached XP level 11. HP: 67/67 MP: 11/11
  9388 | D:10     | Noticed a cyclops
  9406 | D:10     | Killed a cyclops
  9406 | D:10     | Reached ***** piety under Okawaru
  9527 | D:10     | Noticed a deep elf pyromancer
  9586 | D:10     | Killed a deep elf pyromancer
  9666 | D:10     | Identified the Guide on Orientation
  9687 | D:10     | Identified the +0 plate armour of Midsummer {Rampage rPois}
                  | (Okawaru gifted it to you on level 10 of the Dungeon)
  9687 | D:10     | Received a gift from Okawaru
 10117 | D:10     | Noticed a wizard
 10122 | D:10     | Cast into level 2 of the Abyss (a wizard)
 10122 | Abyss:2  | Found a corrupted altar of Lugonu.
 10164 | Abyss:2  | Noticed a deep elf sorcerer
 10288 | Abyss:3  | Noticed a tentacled starspawn
 10299 | Abyss:3  | Killed a tentacled starspawn
 10300 | Abyss:3  | Reached skill level 1 in Short Blades
 10300 | Abyss:3  | Reached skill level 1 in Conjurations
 10300 | Abyss:3  | Reached skill level 1 in Ice Magic
 10300 | Abyss:3  | Reached skill level 5 in Invocations
 10372 | Abyss:3  | Noticed a starcursed mass
 10381 | Abyss:3  | Noticed a thrashing horror
 10383 | Abyss:3  | Noticed a thrashing horror
 10394 | Abyss:3  | Killed a thrashing horror
 10401 | Abyss:3  | Killed a thrashing horror
 10402 | Abyss:3  | Reached XP level 12. HP: 57/74 MP: 8/16
 10404 | D:10     | Escaped the Abyss
 10676 | Lair:1   | Entered Level 1 of the Lair of Beasts
 10780 | Lair:1   | Noticed Fannar
 10797 | Lair:1   | Killed Fannar
 10837 | Lair:1   | Noticed a six-headed hydra
 10847 | Lair:1   | Killed a six-headed hydra
 10847 | Lair:1   | Received a gift from Okawaru
 11232 | Lair:1   | Noticed an eight-headed hydra
 11238 | Lair:1   | Killed an eight-headed hydra
 11421 | Lair:1   | Found a blossoming altar of Fedhas.
 11942 | Lair:2   | Received a gift from Okawaru
 12067 | Lair:2   | Identified the +0 pair of boots of Integrity {Contam rF+
                  | Int+6}
 12214 | Lair:2   | Found the +8 whip "Snakebite" {curare, rPois}
 12293 | Lair:2   | Identified the +6 long sword of the Pits of Slime {venom,
                  | Fly}
 12941 | Lair:3   | Reached XP level 13. HP: 80/80 MP: 19/19
 13069 | Lair:3   | Reached skill level 10 in Shields
 13218 | Lair:3   | Identified the +1 pair of gloves of the Blessed Realm {+Inv
                  | rC+ Str+4 Int+4} (Okawaru gifted it to you on level 3 of
                  | the Lair of Beasts)
 13218 | Lair:3   | Received a gift from Okawaru
 13259 | Lair:3   | Reached ****** piety under Okawaru
 13295 | Lair:3   | Found a staircase to the Shoals.
 13498 | Lair:3   | Identified the amulet of Xuwire {Spirit Str+7}
 13798 | Lair:4   | Reached skill level 10 in Fighting
 14060 | Lair:4   | Found a hole to the Spider Nest.
 14068 | Lair:4   | Noticed Snorg
 14082 | Lair:4   | Killed Snorg
 14182 | Lair:4   | Reached skill level 10 in Armour
 14345 | Lair:4   | Found a dark tunnel.
 14350 | Volcano  | Entered a volcano
 14856 | Volcano  | Found a burning altar of Makhleb.
 14895 | Volcano  | Identified the +1 pair of boots "Huleejuc" {rElec rC+}
                  | (Okawaru gifted it to you in a volcano)
 14895 | Volcano  | Received a gift from Okawaru
 15120 | Lair:4   | Gained mutation: Your large and strong wings let you fly.
                  | [Gargoyle growth]
 15120 | Lair:4   | Reached XP level 14. HP: 88/88 MP: 20/20
 15669 | Lair:5   | Found a staircase to the Slime Pits.
 15670 | Lair:5   | Paralysed by a floating eye for 2 turns
 16097 | Lair:5   | Received a gift from Okawaru
 16643 | Lair:6   | Entered Level 6 of the Lair of Beasts
 16679 | Lair:6   | Found a glowing golden altar of the Shining One.
 17138 | Lair:6   | Identified the +1 pair of gloves of the Moon {rElec Will+
                  | Stlth+} (Okawaru gifted it to you on level 6 of the Lair of
                  | Beasts)
 17138 | Lair:6   | Received a gift from Okawaru
 17504 | Lair:6   | Found a large runed translucent door.
 17505 | Lair:6   | Found a large runed translucent door.
 17520 | Lair:6   | Reached XP level 15. HP: 96/96 MP: 21/21
 18721 | D:11     | Found a staircase to the Orcish Mines.
 18808 | D:11     | Found a gate leading to a gauntlet.
 18818 | Gauntlet | Entered a Gauntlet
 18818 | Gauntlet | Found a transporter.
 18818 | Gauntlet | Found a transporter.
 18831 | Gauntlet | Found a transporter.
 18849 | Gauntlet | Found a transporter.
 18851 | Gauntlet | Found a large runed translucent door.
 18852 | Gauntlet | Found a large runed translucent door.
 18853 | Gauntlet | Found a large runed translucent door.
 18853 | Gauntlet | Found a large runed translucent door.
 18853 | Gauntlet | Found a runed translucent door.
 18854 | Gauntlet | Found a large runed translucent door.
 18875 | Gauntlet | Found a transporter.
 18885 | Gauntlet | Found a transporter.
 18887 | Gauntlet | Found a large runed translucent door.
 18888 | Gauntlet | Found a large runed translucent door.
 18890 | Gauntlet | Found a runed translucent gate.
 18997 | Gauntlet | Found a transporter.
 19016 | Gauntlet | Found a transporter.
 19040 | Gauntlet | Found a transporter.
 19052 | Gauntlet | Found a transporter.
 19075 | Gauntlet | Found a transporter.
 19170 | Gauntlet | Found a transporter.
 19171 | Gauntlet | Found a transporter.
 19172 | Gauntlet | Found a large runed translucent door.
 19173 | Gauntlet | Found a large runed translucent door.
 19174 | Gauntlet | Found a large runed translucent door.
 19174 | Gauntlet | Found a large runed translucent door.
 19174 | Gauntlet | Found a runed translucent door.
 19176 | Gauntlet | Found a large runed translucent door.
 19179 | Gauntlet | Found a large runed translucent door.
 19179 | Gauntlet | Found a large runed translucent door.
 19180 | Gauntlet | Found a large runed translucent door.
 19180 | Gauntlet | Found a large runed translucent door.
 19183 | Gauntlet | Found a runed translucent gate.
 19183 | Gauntlet | Found a runed translucent gate.
 19185 | Gauntlet | Found a transporter.
 19196 | Gauntlet | Found a transporter.
 19216 | Gauntlet | Found a transporter.
 19221 | Gauntlet | Found a runed translucent gate.
 19222 | Gauntlet | Found a large runed translucent door.
 19222 | Gauntlet | Found a large runed translucent door.
 19224 | Gauntlet | Found a large runed translucent door.
 19225 | Gauntlet | Found a large runed translucent door.
 19227 | Gauntlet | Found a large runed translucent door.
 19227 | Gauntlet | Found a large runed translucent door.
 19227 | Gauntlet | Found a runed translucent door.
 19228 | Gauntlet | Found a large runed translucent door.
 19229 | Gauntlet | Found a large runed translucent door.
 19231 | Gauntlet | Found a transporter.
 19240 | Gauntlet | Found a transporter.
 19240 | Gauntlet | Found a transporter.
 19248 | Gauntlet | Found a transporter.
 19256 | Gauntlet | Found a transporter.
 19313 | Gauntlet | Found a transporter.
 19327 | Gauntlet | Found a transporter.
 19360 | Gauntlet | Identified the ring of Zulitz {rPois rF- Int+3 Dex+6}
 19395 | Gauntlet | Found a transporter.
 19425 | Gauntlet | Identified the +0 hat "Ceomeis" {rN+ Int+3}
 19453 | Gauntlet | Identified the +4 morningstar of Cocytus {flame, rN+
                  | Stlth+}
 19453 | Gauntlet | Identified the +6 arbalest of Deussuvi {vorpal, Int+3}
 19453 | Gauntlet | Identified the +2 chain mail of Xiplytuu {rF- rC+++ Str-3}
 19498 | Gauntlet | Identified the +2 ring mail of Music {Int+4}
 19971 | D:11     | Noticed Nergalle
 19980 | D:11     | Killed Nergalle
 19980 | D:11     | Received a gift from Okawaru
 19981 | D:11     | Found the +8 longbow "Zephyr" {speed, Dex+3 SInv}
 20159 | Orc:1    | Entered Level 1 of the Orcish Mines
 20161 | Orc:1    | Noticed Josephine
 20175 | Orc:1    | Killed Josephine
 20383 | Orc:2    | Entered Level 2 of the Orcish Mines
 20930 | Orc:2    | Identified the +0 pair of gloves "Oduskix" {rCorr Int-3
                  | Slay+3} (Okawaru gifted it to you on level 2 of the Orcish
                  | Mines)
 20930 | Orc:2    | Received a gift from Okawaru
 20987 | Orc:2    | Found Aniac's Distillery.
 20989 | Orc:2    | Found Imomitoa's Jewellery Boutique.
 20989 | Orc:2    | Found Ibuxzie's Antique Armour Shop.
 20990 | Orc:2    | Found Vypoydia's Magic Scroll Boutique.
 21006 | Orc:2    | Bought 2 potions of heal wounds for 140 gold pieces
 21006 | Orc:2    | Bought a potion of heal wounds for 70 gold pieces
 21006 | Orc:2    | Bought a potion of heal wounds for 70 gold pieces
 21012 | Orc:2    | Bought the ring of Booramit {rElec rPois rC+ Will+ Str-3}
                  | for 644 gold pieces
 21164 | Orc:2    | Noticed Erolcha
 21173 | Orc:2    | Killed Erolcha
 21275 | Orc:2    | Found a staircase to the Elven Halls.
 21891 | D:12     | Noticed Rupert
 21904 | D:12     | Killed Rupert
 21918 | D:12     | Acquired 1044 gold pieces
 22884 | D:12     | Upgraded the game from 0.27-a0-906-g0a00ce863d to
                  | 0.27-a0-909-g0721f309d1
 23550 | D:13     | Reached XP level 16. HP: 93/104 MP: 12/23
 23814 | D:14     | Found a corrupted altar of Lugonu.
 23995 | D:14     | Found an iron altar of Okawaru.
 24307 | D:14     | Found a gate to the Vaults.
 24704 | D:15     | Entered Level 15 of the Dungeon
 24745 | D:15     | Found a staircase to the Depths.
 25116 | D:15     | Noticed Azrael
 25179 | D:15     | Killed Azrael
 25224 | D:15     | Found a glowing silver altar of Zin.
 25426 | D:15     | Received a gift from Okawaru
 25981 | Spider:1 | Entered Level 1 of the Spider Nest
 26030 | Spider:1 | Noticed Frances
 26061 | Spider:1 | Killed Frances
 26517 | Spider:1 | Received a gift from Okawaru
 26545 | Spider:1 | Reached XP level 17. HP: 112/112 MP: 24/24
 26860 | Spider:1 | Identified the +1 robe of Yredelemnul {Str+2 Dex+5 Slay-2}
 27222 | Spider:2 | Noticed Louise
 27250 | Spider:2 | Killed Louise
 27251 | Spider:2 | Reached skill level 15 in Shields
 27299 | Spider:2 | Reached skill level 15 in Polearms
 27660 | Spider:2 | You are sucked into a shaft and drop 1 floor!
 28163 | Spider:2 | Received a gift from Okawaru
 28195 | Spider:2 | Reached skill level 15 in Fighting
 29576 | Spider:4 | Entered Level 4 of the Spider Nest
 29610 | Spider:4 | Reached skill level 15 in Armour
 29691 | Spider:4 | Noticed Roxanne
 29743 | Spider:4 | Received a gift from Okawaru
 30049 | Spider:4 | Reached XP level 18. HP: 119/119 MP: 25/25
 30077 | Spider:4 | HP: 6/120 [jumping spider (4)]
 30077 | Spider:4 | Slain by a wolf spider

Illustrated notes

Levels and vault maps discovered:
D:1:      lightli_arrival_isolated_outpost, layout_loops_ring,
          shapermc_ecumenical_altar_flowoftime, kennysheep_boxes
D:2:      layout_loops_corners, uniq_sigmund
D:3:      layout_rooms
D:4:      layout_rooms, nicolae_overflow_crystal_walls, kennysheep_mini,
          minmay_temple_entry_glass, hellmonk_ghost_happy_afterlife,
          chequers_ossuary_entry_cave, eino_curves_03
D:5:      layout_loops_ring, kennysheep_generic_room_4, uniq_edmund,
          uniq_crazy_yiuf_cottage, uniq_pikel
D:6:      layout_loops_ring, old_standard_altar, lemuel_coloured_pillars_altar,
          uniq_prince_ribbit1
D:7:      layout_cave_pools, worldfamousw_hep_ancestral_shrine
D:8:      layout_basic, lair_entry_dummy, serial_shops, shop, uniq_joseph
D:9:      layout_basic
D:10:     minmay_diamond_stairs, layout_gridville, lemuel_doored_altar
D:11:     layout_stronghold, minmay_orc_entry_temple_small,
          gauntlet_entry_generic, uniq_nergalle
D:12:     layout_long_grid, uniq_rupert
D:13:     layout_roguey [special_room_bee]
D:14:     kennysheep_kobold_lugonu_temple, layout_basic,
          ximxim_vaults_locker_room, chequers_arboretum,
          kennysheep_okawaru_gauntlet
D:15:     hangedman_depths_entry_civil_slaughter, layout_cross,
          minmay_misc_feat_nine_boxes, zin_statuary, uniq_azrael
Temple:   eino_temple_rhombus
Lair:1:   layout_roguey, hangedman_tree_tricks, chequers_serial_rivers_room_b,
          minivault_24, uniq_fannar
Lair:2:   minmay_guarded_unrand_snakebite, layout_loops_ring,
          serial_bayou_shore_a, grunt_megastairs_3
Lair:3:   layout_loops_ring, shoals_dummy_entry, worms_lemuel
Lair:4:   layout_regular_city, nicolae_spider_entry_non_spiders,
          enter_volcano_4, guppyfry_lair_drakes, grunt_megastairs_4, uniq_snorg
Lair:5:   layout_long_grid, minmay_slime_entry_eyes
Lair:6:   cheibrodos_lair_end_hotspot, layout_regular_city, basic_altar,
          eino_house_with_fridge
Spider:1: nicolae_spider_jumping_over_cracks [nicolae_spider_jumping_sub_notch,
          nicolae_spider_jumping_sub_lanes, nicolae_spider_jumping_sub_moat,
          nicolae_spider_jumping_sub_narrow], uniq_frances
Spider:2: layout_chambers, nicolae_spider_scorpion_nest, uniq_louise
Spider:3: layout_chambers, nicolae_spider_webbed_stairs
Spider:4: guppyfry_spider_rune, uniq_roxanne
Orc:1:    layout_diamond_mine, uniq_urug, uniq_maurice, uniq_josephine
Orc:2:    st_orc_pillars, layout_diamond_mine, uniq_erolcha

Skill      XL: |  1  2  3  4  5  6  7  8  9 10 11 12 13 14 15 16 17 |
---------------+----------------------------------------------------+-----
Axes           | 2 4 5 |  5.4
Fighting       | 4 5 6 7 8 9 10 12 13 14 15 | 15.6
Polearms       | 3 6 9 10 11 12 13 14 15 | 15.5
Shields        | 4 5 7 8 9 11 12 13 14 15 | 15.8
Armour         | 4 6 7 9 10 11 13 14 15 | 15.3
Invocations    | 1 5 8 9 |  9.5
Short Blades   | 1 |  1.1
Conjurations   | 1 |  1.3
Ice Magic      | 1 |  1.2
Dodging        | |  0.6
Stealth        | |  0.2
Air Magic      | |  0.9

Action                   |  1- 3 |  4- 6 |  7- 9 | 10-12 | 13-15 | 16-18 || total
-------------------------+-------+-------+-------+-------+-------+-------++-------
Melee: War axe           |   122 |    99 |       |       |       |       ||   221
       Demon trident     |       |    10 |   201 |   403 |  1160 |   945 ||  2719
Throw: Dart              |       |       |       |     1 |       |       ||     1
Invok: Heroism           |       |       |     5 |    17 |    23 |     4 ||    49
       Finesse           |       |       |       |     3 |    12 |     2 ||    17
  Use: Scroll            |     1 |     8 |     5 |       |    15 |     6 ||    35
       Potion            |     1 |       |       |     1 |     1 |     1 ||     4
Armor: Scale mail        |    75 |    47 |       |       |       |       ||   122
       Crystal plate arm |       |     4 |    95 |   194 |   489 |   811 ||  1593
Dodge: Dodged            |    34 |    35 |    32 |    67 |   198 |   203 ||   569
Block: Kite shield       |    59 |    66 |   103 |   197 |   645 |    39 ||  1109
       Tower shield      |       |       |       |       |       |  1278 ||  1278

Table legend: (Time is in decaauts)
 A = Elapsed time spent in this place.
 B = Non-inter-level travel time spent in this place.
 C = Inter-level travel time spent in this place.
 D = Time resting spent in this place.
 E = Time spent auto-exploring this place.
 F = Levels seen in this place.
 G = Mean time per level.
                   A        B        C        D        E       F      G
               +--------+--------+--------+--------+--------+-----+--------+
         Total |  29506 |  28257 |   1249 |   1450 |   9836 |  33 |  894.1 |
       Dungeon |  15239 |  14388 |    851 |   1253 |   5154 |  15 | 1015.9 |
        Temple |    227 |    195 |     32 |      0 |    188 |   1 |  227.0 |
          Lair |   6718 |   6432 |    286 |    157 |   2425 |   6 | 1119.7 |
   Spider Nest |   3897 |   3849 |     48 |      0 |   1552 |   4 |  974.2 |
  Orcish Mines |   1481 |   1450 |     31 |      0 |    517 |   2 |  740.5 |
         Abyss |    267 |    267 |      0 |     24 |      0 |   2 |  133.5 |
       Ossuary |    294 |    294 |      0 |      0 |      0 |   1 |  294.0 |
       Volcano |    688 |    688 |      0 |      0 |      0 |   1 |  688.0 |
      Gauntlet |    690 |    690 |      0 |     16 |      0 |   1 |  690.0 |
               +--------+--------+--------+--------+--------+-----+--------+

Top non-repeatable levels by time:
     D:1: 1506 daAuts
     D:2: 1456 daAuts
  Lair:6: 1412 daAuts
Spider:3: 1326 daAuts
    D:10: 1304 daAuts
Spider:2: 1291 daAuts
   Orc:2: 1256 daAuts
    D:11: 1132 daAuts
    D:14: 1108 daAuts
  Lair:1: 1107 daAuts
  Lair:2: 1097 daAuts
    D:12: 1093 daAuts
     D:9: 1089 daAuts
  Lair:4: 1072 daAuts
  Lair:5: 1045 daAuts
